 Dungeon Crawl Stone Soup version 0.21-a0-286-g6fcecc0 (webtiles) character file.

205 tidbits the Grave Robber (level 5, 3/38 HPs)
             Began as a Draconian Necromancer on Sept 25, 2017.
             Quit the game on level 4 of the Dungeon.
             The game lasted 00:09:39 (1644 turns).

tidbits the Grave Robber (Draconian Necromancer)    Turns: 1644, Time: 00:09:40

Health: 3/38       AC:  5    Str:  7 (10) XL:     5   Next: 52%
Magic:  10/10      EV: 10    Int: 20 (22) God:
Gold:   141        SH:  4    Dex: 13 (15) Spells: 2/10 levels left

rFire    . . .     SeeInvis .   a - book of Necromancy
rCold    . . .     Gourm    .   (no shield)
rNeg     . . .     Faith    .   (armour unavailable)
rPois    .         Spirit   .   (helmet restricted)
rElec    .         Reflect  +   (no cloak)
rCorr    .         Harm     .   (no gloves)
MR       .....                  (no boots)
Stlth    ++........             h - +4 amulet of reflection
HPRegen  0.12/turn              X - +4 ring of dexterity
MPRegen  0.12/turn              s - -2 ring of evasion (curse)

@: brilliant, seriously poisoned (3 -> 1)
A: unfitting armour, cold-blooded, AC +5
a: no special abilities


You were on level 4 of the Dungeon.
You were not hungry.

You visited 1 branch of the dungeon, and saw 5 of its levels.

You collected 141 gold pieces.

Inventory:

Hand Weapons
 c - a +0 dagger
 d - a +0 hand axe
 g - a +0 club
Jewellery
 h - a +4 amulet of reflection (around neck)
   (You found it on level 1 of the Dungeon)
 s - a cursed -2 ring of evasion (right hand)
   (You took it off a hobgoblin on level 2 of the Dungeon)
 X - a +4 ring of dexterity (left hand)
   (You found it on level 2 of the Dungeon)
Scrolls
 n - a scroll of remove curse {unknown}
 o - a scroll of enchant weapon {unknown}
 p - a scroll of magic mapping {unknown}
Books
 a - a book of Necromancy (in hand)

   Spells                             Type                      Level
   a - Pain                           Necromancy                   1
   b - Animate Skeleton               Necromancy                   1
   c - Vampiric Draining              Necromancy                   3
   d - Regeneration                   Charms/Necromancy            3
   e - Animate Dead                   Necromancy                   4
   f - Control Undead                 Necromancy                   4
Comestibles
 b - 2 bread rations
 k - a royal jelly
 r - 2 chunks of flesh


   Skills:
 - Level 1.7 Dodging
 - Level 1.7 Stealth
 + Level 3.4 Spellcasting
 * Level 6.0 Necromancy


You had 2 spell levels left.
You knew the following spells:

 Your Spells              Type           Power        Failure   Level  Hunger
a - Pain                  Necr           ####         1%          1    None
n - Animate Skeleton      Necr           N/A          1%          1    None
r - Regeneration          Chrm/Necr      ####......   1%          3    ###....
v - Vampiric Draining     Necr           #####.....   1%          3    ###....


Dungeon Overview and Level Annotations

Branches:
Dungeon (5/15)
 Temple: D:4-7

Altars:
Ru


Innate Abilities, Weirdness & Mutations

Your plain brown scales are hard. (AC +5)
You cannot fit into any form of body armour.
You are cold-blooded and may be slowed by cold attacks.


Message History

Confirm with . or Enter, or press ? or * to list all spells.
Aiming: Pain
Press: ? - help, Shift-Dir - straight line, f - worker ant
Aim: a worker ant (lightly wounded, chance to defeat MR: 88%)
The worker ant writhes in agony!
The worker ant bites you.
* * * LOW HITPOINT WARNING * * *
Casting: Pain
Confirm with . or Enter, or press ? or * to list all spells.
Aiming: Vampiric Draining
Press: ? - help, Shift-Dir - straight line, f/p - worker ant
Aim: a worker ant (moderately wounded)
The worker ant is almost dead.
You feel life coursing into your body. The worker ant barely misses you.
Blork hits the worker ant but does no damage.
The worker ant bites Blork.
You hit the worker ant but do no damage.
The worker ant is almost dead.
Your skin stops crawling.
You are feeling hungry.
The worker ant bites you.
* * * LOW HITPOINT WARNING * * *
You are poisoned.
The worker ant poisons you!
Blork barely misses the worker ant.
You hit the worker ant but do no damage.
Your tail-slap misses the worker ant.
The worker ant is almost dead.
You feel sick. You block the worker ant's attack.
You hit the worker ant but do no damage.
The worker ant is almost dead.
You block the worker ant's attack.
Blork closely misses the worker ant.
You barely miss the worker ant.
Your tail-slap misses the worker ant.
The worker ant is almost dead.
You feel sick. The worker ant barely misses you.
Blork barely misses the worker ant.
You hit the worker ant but do no damage.
The worker ant is almost dead.
The worker ant closely misses you. The worker ant bites you.
* * * LOW HITPOINT WARNING * * *
You are more poisoned.
The worker ant poisons you!
Casting: Vampiric Draining
Confirm with . or Enter, or press ? or * to list all spells.
Aiming: Pain
Press: ? - help, Shift-Dir - straight line, f/p - worker ant
Aim: a worker ant (severely wounded, chance to defeat MR: 88%)
The worker ant writhes in agony!
You kill the worker ant!
Your Necromancy skill increases to level 6!
* * * LOW HITPOINT WARNING * * *
You feel sick.
Okay, then.
It was a potion of magic.
Magic courses through your body.
* * * LOW HITPOINT WARNING * * *
You feel sick.
It was a potion of degeneration.
There was something very wrong with that liquid.
You feel weakened.
You feel dopey.
You feel clumsy.
* * * LOW HITPOINT WARNING * * *
You feel sick.
It was a potion of brilliance.
You feel clever all of a sudden.
* * * LOW HITPOINT WARNING * * *
You feel sick.
Wield which item (- for none, * to show all)? (? for menu, Esc to quit)
a - a book of Necromancy (in hand)
You swing at nothing.
* * * LOW HITPOINT WARNING * * *
You feel sick.
You start resting.
Eating one of 3 chunks of flesh.
You eat one of the 3 chunks of flesh.
This raw flesh tastes terrible.
* * * LOW HITPOINT WARNING * * *
You feel sick.
Unknown command.
As you read the scroll labeled ESHODU TEAT, it crumbles to dust.
The creatures around you are filled with an inner flame!
It was a scroll of immolation.
As you read the scroll labeled JOUPOPT BITZOCW, it crumbles to dust.
You assume a fearsome visage.
Blork is unaffected.
It was a scroll of fear.
* * * LOW HITPOINT WARNING * * *
You feel sick.
As you read the scroll labeled WIGIBE OWAU, it crumbles to dust.
You feel strangely unstable.
It was a scroll of teleportation.
* * * LOW HITPOINT WARNING * * *
You feel sick.
You see here a worker ant corpse.
You butcher the worker ant corpse.
Your surroundings suddenly seem different.
* * * LOW HITPOINT WARNING * * *
You feel sick.
You swing at nothing.
You swing at nothing.
* * * LOW HITPOINT WARNING * * *
You feel sick.
You swing at nothing.
You swing at nothing.
* * * LOW HITPOINT WARNING * * *
You feel sick.
Are you sure you want to abandon this character and quit the game? (Confirm with "yes".)

#.##.#<#.
#.###. #.# #.
#.# #. #
#.###. # .#
#.....
#.#####.#####
######
#............
#....@.......
#.#####......
#####


There were no monsters in sight!

Vanquished Creatures
  Blork the orc (D:4)
  A worker ant (D:4)
  A gnoll (D:5)
  3 adders
  An ooze (D:3)
  2 worms (D:2)
  A dart slug (D:2)
  2 leopard geckos (D:2)
  An orc (D:4)
  2 ball pythons
  3 giant cockroaches
  9 hobgoblins
  13 jackals
  5 bats
  6 frilled lizards
  6 goblins
  3 kobolds
  6 rats
66 creatures vanquished.

Vanquished Creatures (collateral kills)
  A ball python (D:3)
1 creature vanquished.

Grand Total: 67 creatures vanquished

Notes
Turn   | Place    | Note
-------+----------+-------------------------------------------
     0 | D:1      | tidbits the Draconian Necromancer began the quest for the Orb.
     0 | D:1      | Reached XP level 1. HP: 14/14 MP: 3/3
   325 | D:1      | Reached XP level 2. HP: 17/20 MP: 0/5
   554 | D:2      | Found a sacrificial altar of Ru.
   622 | D:1      | Reached XP level 3. HP: 13/26 MP: 1/6
   759 | D:1      | Learned a level 1 spell: Animate Skeleton
   763 | D:1      | Learned a level 3 spell: Vampiric Draining
   963 | D:2      | Reached skill level 5 in Necromancy
  1207 | D:2      | Reached XP level 4. HP: 14/33 MP: 1/8
  1453 | D:4      | Reached skill level 3 in Spellcasting
  1472 | D:5      | Entered Level 5 of the Dungeon
  1544 | D:4      | Noticed Blork the orc
  1554 | D:4      | HP: 2/33 [Blork the orc/mace (10)]
  1558 | D:4      | Killed Blork the orc
  1558 | D:4      | Reached XP level 5. HP: 3/38 MP: 7/10
  1567 | D:4      | Learned a level 3 spell: Regeneration
  1627 | D:4      | Reached skill level 6 in Necromancy
  1641 | D:4      | HP: 3/38 [poisoned by a worker ant]
  1644 | D:4      | Quit the game

Vault maps used:
D:1:      zelgadis_glass_arrival_small
D:2:      nicolae_overflow_crystal_walls, first_bread, grunt_decor_arrowhead
D:4:      makhleb_altar_promises_db, temple_hall, uniq_eustachio,
          uniq_blork_the_orc
D:5:      glass_columns_a, kennysheep_nondescript

Skill      XL: |  1  2  3  4  5 |
---------------+----------------+-----
Necromancy     | 5 6 |  6.0
Spellcasting   | 3 |  3.4
Dodging        | |  1.7
Stealth        | |  1.7

Action                   |  1- 3 |  4- 6 || total
-------------------------+-------+-------++-------
Melee: Club              |    14 |       ||    14
       Tailslap          |     4 |     5 ||     9
       Dagger            |    33 |    52 ||    85
 Cast: Pain              |    73 |    21 ||    94
       Animate Skeleton  |       |     4 ||     4
       Vampiric Draining |       |     3 ||     3
       Regeneration      |       |     2 ||     2
  Use: Potion            |     1 |     5 ||     6
       Scroll            |       |     3 ||     3
  Eat: Chunk             |     3 |     3 ||     6
Armor: Skin              |    20 |     9 ||    29
Dodge: Dodged            |    45 |    26 ||    71
Block: Other             |    10 |     8 ||    18
       Reflection        |       |     1 ||     1

Table legend:
 A = Spawn XP
 B = Non-spawn XP
 C = Spawn XP percentage of total XP
 D = Spawn monster count
 E = Non-spawn monster count
 F = Spawn count percentage of total count
 G = Total turns spent on level
                    A         B        C        D         E        F      G
               +---------+---------+-------+---------+---------+-------+---------
         Total |       0 |     293 |   0.0 |       0 |      67 |   0.0 |  1644
               +---------+---------+-------+---------+---------+-------+---------
           D:1 |       0 |      37 |   0.0 |       0 |      22 |   0.0 |   733
           D:2 |       0 |      63 |   0.0 |       0 |      25 |   0.0 |   504
           D:3 |       0 |      32 |   0.0 |       0 |      11 |   0.0 |   185
           D:4 |       0 |     147 |   0.0 |       0 |       8 |   0.0 |   180
           D:5 |       0 |      14 |   0.0 |       0 |       1 |   0.0 |    42
               +---------+---------+-------+---------+---------+-------+---------

Table legend:
 A = Turns spent in this place as a percentage of turns spent in the entire game.
 B = Non-inter-level travel turns spent in this place as a percentage of non-inter-level travel turns spent in the entire game.
 C = Inter-level travel turns spent in this place as a percentage of turns spent in this place.
 D = Turns resting spent in this place as a percentage of non-inter-level travel turns spent in this place.
 E = Turns spent auto-exploring this place as a percentage of non-inter-level travel turns spent in this place.
 F = Non-inter-level travel turns spent in this place divided by the number of levels of this place that you've seen.
                   A       B       C       D       E      F
               +-------+-------+-------+-------+-------+----------------------
         Total | 100.0 | 100.0 |   2.1 |   0.0 |   1.1 | 321.8
       Dungeon | 100.0 | 100.0 |   2.1 |   0.0 |   1.1 | 321.8
               +-------+-------+-------+-------+-------+----------------------

Table legend:
 A = Kills in this place as a percentage of kills in entire the game.
 B = Kills by you in this place as a percentage of kills by you in the entire game.
 C = Kills by friends in this place as a percentage of kills by friends in the entire game.
 D = Other kills in this place as a percentage of other kills in the entire game.
 E = Experience gained in this place as a percentage of experience gained in the entire game.
 F = Experience gained in this place divided by the number of levels of this place that you have seen.
                   A       B       C       D       E      F
               +-------+-------+-------+-------+-------+----------------------
         Total | 100.0 | 100.0 | 100.0 |   N/A | 100.0 |  58.6
       Dungeon | 100.0 | 100.0 | 100.0 |   N/A | 100.0 |  58.6
               +-------+-------+-------+-------+-------+----------------------

Vault maps used:
D:1:      zelgadis_glass_arrival_small
D:2:      nicolae_overflow_crystal_walls, first_bread, grunt_decor_arrowhead
D:4:      makhleb_altar_promises_db, temple_hall, uniq_eustachio,
          uniq_blork_the_orc
D:5:      glass_columns_a, kennysheep_nondescript
